TOP OF THE 1ST |
Chula Vista Tacos batting - Pitching for Seattle Rainiers : RHP Juan Solís
|
Pitching: RHP Juan Solís
|
|
Batting: LHB Dale Miller
|
0-0: Called Strike 0-1: Ball 1-1: Ball 2-1: Foul Ball, location: 2F 2-2: Strikes out looking
|
Batting: RHB Kenny Miller
|
0-0: Called Strike 0-1: Foul Ball, location: 2F 0-2: Ball 1-2: SINGLE (Line Drive, 6M)
|
Batting: LHB Jean Beauchemin
|
0-0: Foul Ball, location: 2F 0-1: Called Strike 0-2: Ball 1-2: SINGLE (Line Drive, 34D) Kenny Miller to second
|
Batting: RHB Valentín Saldaña
|
0-0: Ball 1-0: Called Strike 1-1: Ball 2-1: Foul Ball, location: 2F 2-2: Ball 3-2: Base on Balls Kenny Miller to third Jean Beauchemin to second
|
Batting: SHB John Fullerton
|
0-0: Ball 1-0: Ball 2-0: Called Strike 2-1: Foul Ball, location: 2F 2-2: Strikes out swinging
|
Batting: LHB Jorge Pineda
|
0-0: Swinging Strike 0-1: Ball 1-1: Ground out U3 (Groundball, 3L)
|
Top of the 1st over - 0 runs, 2 hits, 0 errors, 3 left on base; Chula Vista 0 - Seattle 0 |
BOTTOM OF THE 1ST |
Seattle Rainiers batting - Pitching for Chula Vista Tacos : RHP Manny Cook
|
Pitching: RHP Manny Cook
|
|
Batting: RHB Alfredo Farías
|
0-0: Ball 1-0: Swinging Strike 1-1: Foul Ball, location: 2F 1-2: Ball 2-2: Strikes out swinging
|
Batting: RHB Jim Love
|
0-0: Fly out, F8 (Flyball, 89M)
|
Batting: LHB Pedro Camacho
|
0-0: Swinging Strike 0-1: Swinging Strike 0-2: Ball 1-2: Ball 2-2: Foul Ball, location: 2F 2-2: Ground out 4-3 (Groundball, 4)
|
Bottom of the 1st over - 0 runs, 0 hits, 0 errors, 0 left on base; Chula Vista 0 - Seattle 0 |
TOP OF THE 2ND |
Chula Vista Tacos batting - Pitching for Seattle Rainiers : RHP Juan Solís
|
Batting: RHB Rafael Cardenas
|
0-0: Foul Ball, location: 2F 0-1: Ball 1-1: Foul Ball, location: 2F 1-2: Foul Ball, location: 2F 1-2: Strikes out swinging
|
Batting: RHB Dan Salazar
|
0-0: Foul Ball, location: 2F 0-1: Swinging Strike 0-2: Strikes out swinging
|
Batting: RHB Daniel Pineda
|
0-0: Foul Ball, location: 2F 0-1: Swinging Strike 0-2: Ball 1-2: Foul Ball, location: 2F 1-2: Foul Ball, location: 2F 1-2: Ball 2-2: Fly out, F9 (Flyball, 9D)
|
Top of the 2nd over - 0 runs, 0 hits, 0 errors, 0 left on base; Chula Vista 0 - Seattle 0 |
BOTTOM OF THE 2ND |
Seattle Rainiers batting - Pitching for Chula Vista Tacos : RHP Manny Cook
|
Batting: RHB Chad Battle
|
0-0: Called Strike 0-1: Ground out 4-3 (Groundball, 4S)
|
Batting: RHB Rodrigo García
|
0-0: Foul Ball, location: 2F 0-1: Foul Ball, location: 2F 0-2: Fly out, F4 (Line Drive, 4)
|
Batting: RHB Fred McPhun
|
0-0: Ball 1-0: Fly out, F8 (Flyball, 8LXD)
|
Bottom of the 2nd over - 0 runs, 0 hits, 0 errors, 0 left on base; Chula Vista 0 - Seattle 0 |
TOP OF THE 3RD |
Chula Vista Tacos batting - Pitching for Seattle Rainiers : RHP Juan Solís
|
Batting: LHB Dale Miller
|
0-0: Ball 1-0: Ball 2-0: Ball 3-0: Base on Balls
|
Batting: RHB Kenny Miller
|
0-0: Swinging Strike 0-1: Ball 1-1: Ground out U3 (Groundball, 3) Dale Miller to second
|
Batting: LHB Jean Beauchemin
|
0-0: Swinging Strike 0-1: Swinging Strike 0-2: Strikes out swinging
|
Batting: RHB Valentín Saldaña
|
0-0: Ball 1-0: Fly out, F4 (Popup, 34D)
|
Top of the 3rd over - 0 runs, 0 hits, 0 errors, 1 left on base; Chula Vista 0 - Seattle 0 |
BOTTOM OF THE 3RD |
Seattle Rainiers batting - Pitching for Chula Vista Tacos : RHP Manny Cook
|
Batting: RHB Jeff Lawrence
|
0-0: Called Strike 0-1: Ball 1-1: Ball 2-1: Ball 3-1: DOUBLE (Line Drive, 7LM)
|
Batting: LHB Alarico Sloet tot Everlo
|
0-0: Fly out, F9 (Flyball, 89S)
|
Batting: SHB Javier Contreras
|
0-0: SINGLE (Groundball, 6S) (infield hit) Jeff Lawrence to third
|
Batting: RHB Alfredo Farías
|
0-0: Foul Ball, location: 2F 0-1: Grounds into double play, 6-4-3 (Groundball, 56)
|
Bottom of the 3rd over - 0 runs, 2 hits, 0 errors, 1 left on base; Chula Vista 0 - Seattle 0 |
TOP OF THE 4TH |
Chula Vista Tacos batting - Pitching for Seattle Rainiers : RHP Juan Solís
|
Batting: SHB John Fullerton
|
0-0: Ball 1-0: Foul Ball, location: 2F 1-1: Ball 2-1: Fly out, F5 (Popup, 5SF)
|
Batting: LHB Jorge Pineda
|
0-0: Ball 1-0: Fly out, F9 (Flyball, 9)
|
Batting: RHB Rafael Cardenas
|
0-0: Ball 1-0: Swinging Strike 1-1: Foul Ball, location: 2F 1-2: Foul Ball, location: 2F 1-2: Strikes out swinging
|
Top of the 4th over - 0 runs, 0 hits, 0 errors, 0 left on base; Chula Vista 0 - Seattle 0 |
BOTTOM OF THE 4TH |
Seattle Rainiers batting - Pitching for Chula Vista Tacos : RHP Manny Cook
|
Batting: RHB Jim Love
|
0-0: Ball 1-0: Called Strike 1-1: Foul Ball, location: 2F 1-2: Ball 2-2: Fly out, F5 (Flyball, 5D)
|
Batting: LHB Pedro Camacho
|
0-0: Foul Ball, location: 2F 0-1: Ball 1-1: Called Strike 1-2: Fly out, F8 (Line Drive, 8RXD)
|
Batting: RHB Chad Battle
|
0-0: Ball 1-0: Called Strike 1-1: Ball 2-1: DOUBLE (Line Drive, 9LD)
|
Batting: RHB Rodrigo García
|
0-0: Ground out 5-3 (Groundball, 5)
|
Bottom of the 4th over - 0 runs, 1 hit, 0 errors, 1 left on base; Chula Vista 0 - Seattle 0 |
TOP OF THE 5TH |
Chula Vista Tacos batting - Pitching for Seattle Rainiers : RHP Juan Solís
|
Batting: RHB Dan Salazar
|
0-0: Ball 1-0: Ground out 6-3 (Groundball, 6)
|
Batting: RHB Daniel Pineda
|
0-0: Called Strike 0-1: Foul Ball, location: 2F 0-2: Ball 1-2: Foul Ball, location: 2F 1-2: Ball 2-2: SINGLE (Groundball, 5S) (infield hit)
|
Batting: LHB Dale Miller
|
0-0: Called Strike 0-1: Foul Ball, location: 2F 0-2: Foul Ball, location: 2F 0-2: Strikes out swinging
|
Batting: RHB Kenny Miller
|
0-0: Called Strike 0-1: Ball 1-1: Foul Ball, location: 2F 1-2: Foul Ball, location: 2F 1-2: Strikes out swinging
|
Top of the 5th over - 0 runs, 1 hit, 0 errors, 1 left on base; Chula Vista 0 - Seattle 0 |
BOTTOM OF THE 5TH |
Seattle Rainiers batting - Pitching for Chula Vista Tacos : RHP Manny Cook
|
Batting: RHB Fred McPhun
|
0-0: Called Strike 0-1: Swinging Strike 0-2: Ball 1-2: Fly out, F8 (Flyball, 8LXD)
|
Batting: RHB Jeff Lawrence
|
0-0: Foul Ball, location: 2F 0-1: Foul Ball, location: 2F 0-2: Ball 1-2: Foul Ball, location: 2F 1-2: Ball 2-2: Foul Ball, location: 2F 2-2: SINGLE (Line Drive, 56)
|
Batting: LHB Alarico Sloet tot Everlo
|
0-0: Ball Jeff Lawrence is caught stealing 2nd base 1-0: Foul Ball, location: 2F 1-1: Ball 2-1: SOLO HOME RUN (Flyball, 9LD), Distance : 359 ft
|
Batting: SHB Javier Contreras
|
0-0: Foul Ball, location: 2F 0-1: Foul Ball, location: 2F 0-2: Strikes out swinging
|
Bottom of the 5th over - 1 run, 2 hits, 0 errors, 0 left on base; Chula Vista 0 - Seattle 1 |
TOP OF THE 6TH |
Chula Vista Tacos batting - Pitching for Seattle Rainiers : RHP Juan Solís
|
Batting: LHB Jean Beauchemin
|
0-0: SINGLE (Groundball, 6D)
|
Pitching: RHP Pedro Molina
|
|
Batting: RHB Valentín Saldaña
|
0-0: Ball 1-0: Ground out 6-3 (Groundball, 6S) Jean Beauchemin to second
|
Batting: SHB John Fullerton
|
0-0: Called Strike 0-1: Swinging Strike 0-2: Ball 1-2: Ball 2-2: Strikes out swinging
|
Batting: LHB Jorge Pineda
|
0-0: SINGLE (Flyball, 7S) Jean Beauchemin to third Runner from 3rd tries for Home, SAFE, no throw
|
Batting: RHB Rafael Cardenas
|
0-0: Called Strike Jorge Pineda is caught stealing 2nd base
|
Top of the 6th over - 1 run, 2 hits, 0 errors, 0 left on base; Chula Vista 1 - Seattle 1 |
BOTTOM OF THE 6TH |
Seattle Rainiers batting - Pitching for Chula Vista Tacos : RHP Manny Cook
|
Batting: RHB Alfredo Farías
|
0-0: Fly out, F9 (Flyball, 9LS)
|
Batting: RHB Jim Love
|
0-0: Called Strike 0-1: Ball 1-1: Foul Ball, location: 2F 1-2: Strikes out swinging
|
Batting: LHB Pedro Camacho
|
0-0: Fly out, F6 (Flyball, 56D)
|
Bottom of the 6th over - 0 runs, 0 hits, 0 errors, 0 left on base; Chula Vista 1 - Seattle 1 |
TOP OF THE 7TH |
Chula Vista Tacos batting - Pitching for Seattle Rainiers : RHP Pedro Molina
|
Batting: RHB Rafael Cardenas
|
0-0: Ball 1-0: Ball 2-0: Reached on error, E6 (Groundball, 6)
|
Batting: RHB Dan Salazar
|
0-0: Ball 1-0: Ball 2-0: Ball 3-0: Base on Balls
|
Batting: RHB Daniel Pineda
|
0-0: Ball 1-0: Ground out U3 (Groundball, 3S) Rafael Cardenas to third Dan Salazar to second
|
Batting: LHB Dale Miller
|
0-0: Intentional Walk
|
Batting: RHB Kenny Miller
|
0-0: Foul Ball, location: 2F 0-1: Called Strike 0-2: Ball 1-2: Grounds into double play, 6-2-3 (Groundball, 6)
|
Top of the 7th over - 0 runs, 0 hits, 1 error, 2 left on base; Chula Vista 1 - Seattle 1 |
BOTTOM OF THE 7TH |
Seattle Rainiers batting - Pitching for Chula Vista Tacos : RHP Manny Cook
|
Batting: RHB Chad Battle
|
0-0: Ball 1-0: Fly out, F7 (Flyball, 7S)
|
Batting: RHB Rodrigo García
|
0-0: SINGLE (Groundball, 4D)
|
Batting: RHB Fred McPhun
|
0-0: Ball 1-0: Ball 2-0: Called Strike 2-1: Called Strike 2-2: Strikes out looking
|
Pinch Hitting: LHB Darren Cook
|
0-0: Ball 1-0: Swinging Strike 1-1: Foul Ball, location: 2F 1-2: Strikes out swinging
|
Bottom of the 7th over - 0 runs, 1 hit, 0 errors, 1 left on base; Chula Vista 1 - Seattle 1 |
TOP OF THE 8TH |
Chula Vista Tacos batting - Pitching for Seattle Rainiers : RHP Pedro Molina
|
Pitching: LHP Scott White
|
|
Now in LF: Ramón Ramírez
|
|
Pinch Hitting: RHB José Isla
|
0-0: Foul Ball, location: 2F 0-1: Foul Ball, location: 2F 0-2: Ball 1-2: SINGLE (Line Drive, 8RS)
|
Pitching: LHP Miguel Perea
|
|
Pinch Runner at 1st Ethan Finley:
|
|
Batting: RHB Valentín Saldaña
|
0-0: Ball 1-0: Swinging Strike 1-1: Swinging Strike 1-2: Ball 2-2: Foul Ball, location: 2F 2-2: Ball 3-2: SINGLE (Line Drive, 8RS) Ethan Finley to second Ethan Finley to third
|
Batting: SHB John Fullerton
|
0-0: Ball 1-0: Fly out, F9 (Flyball, 9LS) Runner from 3rd tags up, SCORES, no throw
|
Batting: LHB Jorge Pineda
|
0-0: Swinging Strike 0-1: Ball 1-1: Called Strike 1-2: Ball 2-2: Fly out, F8 (Flyball, 8RS)
|
Batting: RHB Rafael Cardenas
|
0-0: Called Strike 0-1: Fly out, F3 (Popup, 3S)
|
Top of the 8th over - 1 run, 2 hits, 0 errors, 1 left on base; Chula Vista 2 - Seattle 1 |
BOTTOM OF THE 8TH |
Seattle Rainiers batting - Pitching for Chula Vista Tacos : RHP Manny Cook
|
Now in LF: Ethan Finley
|
|
Batting: LHB Alarico Sloet tot Everlo
|
0-0: Ball 1-0: Ball 2-0: Called Strike 2-1: SINGLE (Flyball, 8LS)
|
Pinch Hitting: RHB John Eaves
|
0-0: SINGLE (Groundball, 4D) Alarico Sloet tot Everlo to second Runner from 2nd tries for 3rd, SAFE, no throw
|
Batting: RHB Alfredo Farías
|
0-0: Called Strike 0-1: Fly out, F7 (Flyball, 7S)
|
Batting: RHB Jim Love
|
0-0: Ball 1-0: Fly out, F8 (Flyball, 8LS) Runner from 3rd tags up, SCORES, no throw
|
Pinch Runner at 1st Carl Curry:
|
|
Batting: LHB Pedro Camacho
|
0-0: Ball Carl Curry steals 2nd base 1-0: Swinging Strike 1-1: Called Strike 1-2: Foul Ball, location: 2F 1-2: Ball 2-2: Strikes out looking
|
Bottom of the 8th over - 1 run, 2 hits, 0 errors, 1 left on base; Chula Vista 2 - Seattle 2 |
TOP OF THE 9TH |
Chula Vista Tacos batting - Pitching for Seattle Rainiers : LHP Miguel Perea
|
Pitching: RHP Danny Owen
|
|
Now at 2B: Carl Curry
|
|
Batting: RHB Dan Salazar
|
0-0: Ball 1-0: Called Strike 1-1: Called Strike 1-2: Strikes out swinging
|
Pinch Hitting: RHB Miguel Murillo
|
0-0: Fly out, F8 (Flyball, 8LXD)
|
Batting: LHB Dale Miller
|
0-0: Ball 1-0: Ball 2-0: Ball 3-0: Base on Balls
|
Batting: RHB Kenny Miller
|
0-0: Called Strike 0-1: Ball 1-1: Ball 2-1: Called Strike 2-2: Strikes out swinging
|
Top of the 9th over - 0 runs, 0 hits, 0 errors, 1 left on base; Chula Vista 2 - Seattle 2 |
BOTTOM OF THE 9TH |
Seattle Rainiers batting - Pitching for Chula Vista Tacos : RHP Manny Cook
|
Pitching: LHP Alberto Colón
|
|
Now at SS: Barrett Barr
|
|
Batting: RHB Chad Battle
|
0-0: Ball 1-0: Fly out, F4 (Popup, 4S)
|
Batting: RHB Rodrigo García
|
0-0: Ball 1-0: Fly out, F5 (Line Drive, 56)
|
Batting: RHB Fred McPhun
|
0-0: Called Strike 0-1: Foul Ball, location: 2F 0-2: Strikes out swinging
|
Bottom of the 9th over - 0 runs, 0 hits, 0 errors, 0 left on base; Chula Vista 2 - Seattle 2 |
TOP OF THE 10TH |
Chula Vista Tacos batting - Pitching for Seattle Rainiers : RHP Danny Owen
|
Pinch Hitting: RHB Germán Ontiveros
|
0-0: Called Strike 0-1: Ball 1-1: Ball 2-1: Foul Ball, location: 2F 2-2: Strikes out swinging
|
Batting: RHB Valentín Saldaña
|
0-0: Ball 1-0: Fly out, F5 (Line Drive, 5S)
|
Batting: SHB John Fullerton
|
0-0: Ball 1-0: Swinging Strike 1-1: Called Strike 1-2: Ball 2-2: Strikes out swinging
|
Top of the 10th over - 0 runs, 0 hits, 0 errors, 0 left on base; Chula Vista 2 - Seattle 2 |
BOTTOM OF THE 10TH |
Seattle Rainiers batting - Pitching for Chula Vista Tacos : LHP Alberto Colón
|
Now in LF: Germán Ontiveros
|
|
Pinch Hitting: RHB Pablo Hernández
|
0-0: Called Strike 0-1: Called Strike 0-2: Strikes out looking
|
Pinch Hitting: RHB Cipriano Baca
|
0-0: Ball 1-0: Swinging Strike 1-1: Foul Ball, location: 2F 1-2: Foul Ball, location: 2F 1-2: Ground out 4-3 (Groundball, 4)
|
Batting: RHB Carl Curry
|
0-0: Foul Ball, location: 2F 0-1: Called Strike 0-2: Ball 1-2: Strikes out swinging
|
Bottom of the 10th over - 0 runs, 0 hits, 0 errors, 0 left on base; Chula Vista 2 - Seattle 2 |
TOP OF THE 11TH |
Chula Vista Tacos batting - Pitching for Seattle Rainiers : RHP Danny Owen
|
Pitching: LHP Gabresilassie Mujawayo
|
|
Now at SS: Pablo Hernández
|
|
Now in CF: Ed Lindsey
|
|
Batting: LHB Jorge Pineda
|
0-0: Ball 1-0: Called Strike 1-1: Called Strike 1-2: Ball 2-2: Foul Ball, location: 2F 2-2: Foul Ball, location: 2F 2-2: Ball 3-2: Strikes out swinging
|
Batting: RHB Rafael Cardenas
|
0-0: Ball 1-0: Swinging Strike 1-1: Swinging Strike 1-2: Ball 2-2: Reached on error, E4 (Groundball, 34)
|
Batting: RHB Dan Salazar
|
0-0: Ball 1-0: Foul Ball, location: 2F 1-1: Reached on error, E6 (Groundball, 6M) Rafael Cardenas to second
|
Batting: RHB Barrett Barr
|
0-0: Ball 1-0: Foul Ball, location: 2F 1-1: Called Strike 1-2: Fielders Choice at 2nd, 4-6 (Groundball, 4) Rafael Cardenas to third
|
Pinch Hitting: RHB Eric Schroeder
|
0-0: Ball 1-0: Called Strike 1-1: Ball 2-1: Ball 3-1: Base on Balls Barrett Barr to second
|
Batting: RHB Kenny Miller
|
0-0: Foul Ball, location: 2F 0-1: Fly out, F7 (Flyball, 78M)
|
Top of the 11th over - 0 runs, 0 hits, 2 errors, 3 left on base; Chula Vista 2 - Seattle 2 |
BOTTOM OF THE 11TH |
Seattle Rainiers batting - Pitching for Chula Vista Tacos : LHP Alberto Colón
|
Pitching: RHP Paul Tidwell
|
|
Now in RF: Jared Calhoun
|
|
Batting: RHB Alfredo Farías
|
0-0: Swinging Strike 0-1: Ground out 6-3 (Groundball, 6)
|
Batting: RHB Jim Love
|
0-0: Called Strike 0-1: Ground out 1-3 (Groundball, 15)
|
Batting: LHB Pedro Camacho
|
0-0: Ball 1-0: Ground out U3 (Groundball, 3)
|
Bottom of the 11th over - 0 runs, 0 hits, 0 errors, 0 left on base; Chula Vista 2 - Seattle 2 |
TOP OF THE 12TH |
Chula Vista Tacos batting - Pitching for Seattle Rainiers : LHP Gabresilassie Mujawayo
|
Pitching: LHP Júlio Ariza
|
|
Batting: RHB Germán Ontiveros
|
0-0: Called Strike 0-1: Ball 1-1: Ball 2-1: SINGLE (Groundball, 5D)
|
Batting: RHB Valentín Saldaña
|
0-0: Foul Ball, location: 2F 0-1: Ball 1-1: SINGLE (Groundball, 34D) Germán Ontiveros to second Runner from 2nd tries for 3rd, SAFE, throw made to third
|
Batting: SHB John Fullerton
|
0-0: Ball 1-0: Ball 2-0: Swinging Strike 2-1: Ball 3-1: Called Strike 3-2: Strikes out swinging Valentín Saldaña steals 2nd base Batter strikes out.
|
Batting: LHB Jorge Pineda
|
0-0: Swinging Strike 0-1: Reached on error, E6 (Groundball, 6) Germán Ontiveros scores Valentín Saldaña scores
|
Batting: RHB Rafael Cardenas
|
0-0: Called Strike 0-1: Ground out 6-3 (Groundball, 6) Jorge Pineda to third
|
Batting: RHB Dan Salazar
|
0-0: Ball 1-0: Swinging Strike 1-1: Ball 2-1: Ball 3-1: Base on Balls
|
Batting: RHB Barrett Barr
|
0-0: Foul Ball, location: 2F 0-1: Ball 1-1: Ball 2-1: Foul Ball, location: 2F 2-2: Ball 3-2: Strikes out swinging
|
Top of the 12th over - 2 runs, 2 hits, 1 error, 2 left on base; Chula Vista 4 - Seattle 2 |
BOTTOM OF THE 12TH |
Seattle Rainiers batting - Pitching for Chula Vista Tacos : RHP Paul Tidwell
|
Batting: RHB Chad Battle
|
0-0: Ball 1-0: Called Strike 1-1: Foul Ball, location: 2F 1-2: Foul Ball, location: 2F 1-2: Ball 2-2: DOUBLE (Line Drive, 78D)
|
Batting: RHB Rodrigo García
|
0-0: Ball 1-0: Ball 2-0: SINGLE (Line Drive, 56) Chad Battle to third
|
Batting: RHB Fred McPhun
|
0-0: Grounds into double play, 6-4-3 (Groundball, 6) Chad Battle scores
|
Batting: RHB Pablo Hernández
|
0-0: Ball 1-0: Ball 2-0: Foul Ball, location: 2F 2-1: Foul Ball, location: 2F 2-2: Foul Ball, location: 2F 2-2: Foul Ball, location: 2F 2-2: Ball 3-2: Base on Balls
|
Batting: RHB Ed Lindsey
|
0-0: Ball 1-0: Swinging Strike 1-1: Ball 2-1: Swinging Strike 2-2: Ground out 4-3 (Groundball, 4)
|
Bottom of the 12th over - 1 run, 2 hits, 0 errors, 1 left on base; Chula Vista 4 - Seattle 3 |
|